 Dungeon Crawl Stone Soup version 0.31-a0-246-g8cbcc1cb85 (webtiles) character file.

Game seed: 18317311576823360520

4 gruber the Changeling (level 1, -1/16 HPs)
             Began as a Demonspawn Shapeshifter on July 12, 2023.
             Slain by an adder (4 damage)
             ... on level 2 of the Dungeon.
             The game lasted 00:00:18 (230 turns).

gruber the Changeling (Demonspawn Shapeshifter)      Turns: 230, Time: 00:00:19

Health: -1/16      AC:  2    Str: 15    XL:     1   Next: 58%
Magic:  1/1        EV: 12    Int:  9    God:
Gold:   12         SH:  0    Dex: 13    Spells: 0/0 levels left

rFire   . .          .
                       - Unarmed
rCold   . . .        (no shield)
rNeg    . . .        a - +0 animal skin
rPois   .            (helmet currently unavailable)
rElec   .            (cloak currently unavailable)
rCorr   .            (gloves currently unavailable)
SInv    .            (boots currently unavailable)
Will    .....        (no amulet)
Stlth   +            (no ring)
HPRegen 0.22/turn    (no ring)
MPRegen 0.07/turn

%: no passive effects
@: lethally poisoned (-1 -> -7), beast-form
A: beast (slay +1)
a: no special abilities


You were on level 2 of the Dungeon.
You were a hulking beast.
You visited 1 branch of the dungeon, and saw 2 of its levels.

You collected 12 gold pieces.

Inventory:

Missiles
 d - 5 poisoned darts
Armour
 a - a +0 animal skin (worn)
Talismans
 c - a beast talisman
Scrolls
 f - a scroll of enchant weapon {unknown}
Potions
 b - a potion of lignification
 e - a potion of curing {unknown}


   Skills:
 - Level 2.0 Fighting
 - Level 1.7 Dodging
 + Level 2.2 Unarmed Combat
 - Level 2.6 Shapeshifting


You couldn't memorise any spells.
You didn't know any spells.
Your spell library contained the following spells:

 Spells                   Type           Power      Damage    Failure   Level
 Portal Projectile        Hex/Tloc       0%         N/A       77%         3
 Tukima's Dance           Hex            0%         N/A       77%         3
 Iskenderun's Mystic Bla  Conj/Tloc      0%         2d3       99%         4


Dungeon Overview and Level Annotations

Branches:
Dungeon (1/15)

Altars:

Shops:
D:1 [


Message History

A hobgoblin is nearby!
You barely miss the hobgoblin.
The hobgoblin is almost dead.
The hobgoblin hits you.
A hobgoblin is nearby!
You hit the hobgoblin.
You kill the hobgoblin!
HP restored.
An adder comes into view.
The adder hisses angrily.
Found 10 gold pieces.
An adder is nearby!
An adder is nearby!
You completely miss the adder. The adder bites you.
An adder is nearby!
You closely miss the adder. The adder bites you.
You are poisoned.
The adder poisons you!
An adder is nearby!
You hit the adder.
The adder is lightly wounded.
You feel sick. The adder bites you.
You are lethally poisoned!
The adder poisons you! The adder barely misses you.
There is a lethal amount of poison in your body!
You are too injured to fight recklessly!
There is a lethal amount of poison in your body!
You are too injured to fight recklessly!
There is a lethal amount of poison in your body!
There is a lethal amount of poison in your body!
You are too injured to fight recklessly!
You hit the adder.
The adder is lightly wounded.
You feel very sick. The adder barely misses you.
You barely miss the adder.
The adder is lightly wounded.
* * * LOW HITPOINT WARNING * * *
You feel sick. The adder bites you.
You die...

..#.#######
#.....Sh..######
..$######.##...##
#..........#
#.##.......# #
#...#...#
#..#...##
#..##..# #..##..#
#..##..#


You could see an adder.

Vanquished Creatures
  A hobgoblin (D:2)
  A ball python (D:1)
  2 bats
  A kobold (D:1)
  A rat (D:1)
6 creatures vanquished.

Notes
Turn   | Place    | Note
-------+----------+-------------------------------------------
     0 | D:1      | gruber the Demonspawn Shapeshifter began the quest for the
                  | Orb.
     0 | D:1      | Reached XP level 1. HP: 16/16 MP: 1/1
   101 | D:1      | Found Fenefy's Armour Shop.
   199 | D:1      | You fall into a shaft and drop 1 floor!
   230 | D:2      | Slain by an adder

Illustrated notes

Levels and vault maps discovered:
D:1:      minmay_arrival_pointy, layout_basic, serial_shops, shop
D:2:      layout_loops_ring, chequers_serial_rivers_micro_e,
          kennysheep_generic_room_12, uniq_crazy_yiuf_cottage

Skill      XL: |  1 |
---------------+----+-----
Unarmed Combat | 2 |  2.2
Fighting       | |  2.0
Dodging        | |  1.7
Shapeshifting  | |  2.6

Action                     || total
---------------------------++-------
  Melee: Unarmed           ||    18
 Armour: Animal skin       ||     2
  Dodge: Dodged            ||     8

Table legend: (Time is in decaauts)
 A = Elapsed time spent in this place.
 B = Non-inter-level travel time spent in this place.
 C = Inter-level travel time spent in this place.
 D = Time resting spent in this place.
 E = Time spent auto-exploring this place.
 F = Levels seen in this place.
 G = Mean time per level.
                   A        B        C        D        E       F      G
               +--------+--------+--------+--------+--------+-----+--------+
         Total |    228 |    213 |     15 |      0 |    173 |   2 |  114.0 |
       Dungeon |    228 |    213 |     15 |      0 |    173 |   2 |  114.0 |
               +--------+--------+--------+--------+--------+-----+--------+

Top non-repeatable levels by time:
     D:1: 198 daAuts
     D:2: 30 daAuts
